 Dungeon Crawl Stone Soup version 0.21.1 (webtiles) character file.

42 pstr the Digger (level 3, 0/28 HPs)
             Began as a Naga Earth Elementalist on Feb 2, 2018.
             Slain by Crazy Yiuf
             ... wielding a +4 quarterstaff of chaos
              (5 damage)
             ... on level 2 of the Dungeon.
             The game lasted 00:02:15 (1203 turns).

pstr the Digger (Naga Earth Elementalist)           Turns: 1203, Time: 00:02:17

Health: 0/28       AC:  2    Str: 10    XL:     3   Next: 56%
Magic:  1/6        EV: 10    Int: 16    God:
Gold:   37         SH:  0    Dex: 11    Spells: 5/6 levels left

rFire    . . .     SeeInvis +   j - +0 short sword
rCold    . . .     Gourm    .   (no shield)
rNeg     . . .     Faith    .   c - +0 robe
rPois    +         Spirit   .   (no helmet)
rElec    .         Reflect  .   (no cloak)
rCorr    .         Harm     .   (no gloves)
MR       .....                  (no barding)
Stlth    ++........             (no amulet)
HPRegen  0.09/turn              (no ring)
MPRegen  0.10/turn              (no ring)

@: very slow
A: large, see invisible, deformed body, poison resistance, slowness 2, slow
metabolism 1, spit poison 1, AC +1
a: Spit Poison


You were on level 2 of the Dungeon.
You were not hungry.

You visited 1 branch of the dungeon, and saw 2 of its levels.

You collected 37 gold pieces.

Inventory:

Hand Weapons
 j - a +0 short sword (weapon)
Missiles
 b - 40 stones (quivered)
Armour
 c - a +0 robe (worn)
 i - a cursed -1 scale mail
Jewellery
 a - an uncursed ring of protection from cold {unknown}
Scrolls
 f - a scroll of amnesia {unknown}
 g - a scroll of identify {unknown}
 h - a scroll of remove curse {unknown}
 k - a scroll of teleportation {unknown}
Books
 e - a book of Geomancy

   Spells                             Type                      Level
   a - Sandblast                      Earth                        1
   b - Passwall                       Transmutation/Earth          2
   c - Stone Arrow                    Conjuration/Earth            3
   d - Petrify                        Transmutation/Earth          4
   e - Lee's Rapid Deconstruction     Earth                        5
Comestibles
 d - a ration
 l - 2 chunks of flesh


   Skills:
 + Level 2.0 Dodging
 + Level 3.1 Stealth
 + Level 2.3 Spellcasting
   Level 1.0 Transmutations
 + Level 3.9 Earth Magic


You had 5 spell levels left.
You knew the following spells:

 Your Spells              Type           Power        Failure   Level  Hunger
a - Sandblast             Erth           ##....       4%          1    #......


Dungeon Overview and Level Annotations

Branches:
Dungeon (2/15)

Altars:
Cheibriados

Annotations:
D:2 Crazy Yiuf


Innate Abilities, Weirdness & Mutations

You cannot wear boots.
Your serpentine skin is tough. (AC +1)
You have supernaturally acute eyesight. (SInv)
Armour fits poorly on your strangely shaped body.
Your system is resistant to poisons. (rPois)
You cover ground very slowly.
You have a slow metabolism.
You can spit poison.


Message History

Press: ? - help, Shift-Dir - straight line, f/p - Crazy Yiuf
Aim: Crazy Yiuf, wielding a quarterstaff of chaos and wearing an embroidered cloak (lightly wounded)
The blast of sand hits Crazy Yiuf.
Crazy Yiuf is lightly wounded.
b - 41 stones You have got your breath back.
Crazy Yiuf hits you with a quarterstaff of chaos!
Crazy Yiuf burns you.
Casting: Sandblast
Confirm with . or Enter, or press ? or * to list all spells.
Aiming: Sandblast
Press: ? - help, Shift-Dir - straight line, f/p - Crazy Yiuf
Aim: Crazy Yiuf, wielding a quarterstaff of chaos and wearing an embroidered cloak (lightly wounded)
The blast of sand hits Crazy Yiuf.
Crazy Yiuf is lightly wounded.
b - 40 stones Crazy Yiuf hits you with a quarterstaff of chaos!
* * * LOW HITPOINT WARNING * * *
Crazy Yiuf burns you.
You die...

..........####..##.###....>#.....
###...##### #..##.# #........._.
#...# #.....# #######..... #...#
####### ##.... #...# ##... ##.##
### ##.# ####.#####♣♣ ### #.#
#..# ......#....♣♣ ♣♣#..)# #.#
#.## ##.###......♣♣♣♣@g...#
#.#####.# ... #.......♣..♣#...#
#.......# .#. #.#....♣.♣♣♣ ###
######### ... ...###♣♣♣♣♣ ....#.#
###..#.# ... #.# ### #># ..


You could see Crazy Yiuf.

Vanquished Creatures
  2 gnolls (D:2)
  A worm (D:2)
  A dart slug (D:1)
  A ball python (D:1)
  3 goblins
  2 hobgoblins
  A kobold (D:1)
  A quokka (D:2)
  3 bats (D:1)
  4 rats (D:1)
19 creatures vanquished.

Notes
Turn   | Place    | Note
-------+----------+-------------------------------------------
     0 | D:1      | pstr the Naga Earth Elementalist began the quest for the Orb.
     0 | D:1      | Reached XP level 1. HP: 15/15 MP: 3/3
   110 | D:1      | Reached XP level 2. HP: 11/22 MP: 0/5
   651 | D:2      | Reached XP level 3. HP: 7/28 MP: 0/6
  1009 | D:2      | Found a snail-covered altar of Cheibriados.
  1193 | D:2      | Found a runed door.
  1197 | D:2      | Noticed Crazy Yiuf
  1203 | D:2      | Slain by Crazy Yiuf

Skill      XL: |  1  2 |
---------------+-------+-----
Dodging        | 2 |  2.0
Stealth        | |  3.1
Spellcasting   | |  2.3
Transmutations | |  1.0
Earth Magic    | |  3.9

Action                   || total
-------------------------++-------
Melee: Unarmed           ||     1
       Short sword       ||     4
 Cast: Sandblast         ||    33
 Abil: Spit Poison       ||     5
  Eat: Chunk             ||     1
Armor: Robe              ||     4
Dodge: Dodged            ||    10
